Map: [ESL] Equilibrium

Players

Firefly - Winner!

  • Race: Protoss Protoss
  • Spawn Location: 11:00

Cyan

  • Race: Protoss Protoss
  • Spawn Location: 1:00

Event: ESL SC2 Masters 2023 Winter (Regional)

VOD

Have the link to the VOD?

Description

Time

  • Played on: Nov. 19, 2023, 7:22 a.m.
  • Length: 9:02

All games in this series

Show
View Real Time Build Order
Export as new Build Order

Firefly Protoss - Winner!

Build Orders: Phoenix Opening 

Get SALT Encoding   

  12  0:00  Probe  
  13  0:12  Probe  
  14  0:17  Pylon  
  14  0:24  Probe  
  15  0:35  Gateway  
  15  0:38  Probe (Chrono Boost)  
  16  0:47  Assimilator, Probe (Chrono Boost)  
  17  0:52  Probe (Chrono Boost)  
  18  0:58  Assimilator  
  19  1:04  Probe (Chrono Boost)  
  19  1:09  Pylon  
  19  1:13  Probe (Chrono Boost)  
  20  1:18  Probe  
  20  1:23  Cybernetics Core  
  21  1:30  Probe  
  24  1:32  Zealot  
  24  1:42  Probe  
  25  2:00  Stalker  
  25  2:01  Warp Gate (Chrono Boost)  
  27  2:08  Probe  
  27  2:12  Stargate  
  28  2:20  Pylon  
  28  2:29  Stalker (Chrono Boost)  
  30  2:38  Gateway  
  30  2:41  Gateway  
  30  2:50  Stalker (Chrono Boost)  
  32  2:58  Phoenix  
  34  3:10  Pylon  
  34  3:25  Phoenix  
  36  3:42  Stalker x2  
  36  3:45  Stalker  
  40  4:05  Stalker x2  
  44  4:18  Stalker  
  44  4:30  Stalker  
  42  4:42  Stalker  
  44  4:47  Nexus  
  44  4:50  Stalker  
  44  4:51  Probe  
  45  4:56  Stalker  
  41  5:26  Probe  
  42  5:28  Stalker x2  
  42  5:31  Pylon  
  46  5:38  Probe  
  46  5:39  Pylon  
  47  5:42  Twilight Council  
  43  5:57  Probe  
  43  6:02  Probe  
  43  6:08  Shield Battery  
  43  6:11  Probe  
  43  6:12  Shield Battery  
  43  6:13  Blink (Chrono Boost)  
  43  6:15  Probe  
  45  6:23  Probe  
  46  6:27  Probe  
  46  6:28  Unknown  
  46  6:31  Robotics Facility  
  47  6:35  Probe  
  47  6:39  Probe  
  49  6:44  Gateway  
  49  6:49  Stalker x2  
  49  6:53  Probe x2  
  53  6:58  Stalker  
  51  7:06  Shield Battery  
  51  7:13  Stalker x2  
  51  7:15  Pylon  
  53  7:22  Stalker  
  53  7:36  Stalker  
  55  7:40  Stalker  
  55  7:41  Gateway  
  55  7:43  Observer  
  58  7:48  Stalker  
  58  7:49  Pylon  
  58  8:02  Stalker  
  58  8:03  Stalker  
  62  8:11  Pylon, Stalker  
  64  8:15  Observer, Gateway  
  64  8:16  Stalker  
  66  8:27  Stalker x2  
  66  8:30  Probe  
  66  8:32  Pylon  
  71  8:34  Stalker  
  71  8:40  Stalker x2  
  77  8:42  Probe  
  72  8:51  Stalker x2  
Show
View Real Time Build Order
Export as new Build Order

Cyan Protoss 

Build Orders: Phoenix Opening 

Get SALT Encoding   

  12  0:00  Probe  
  13  0:12  Probe  
  14  0:18  Pylon  
  14  0:24  Probe (Chrono Boost)  
  15  0:36  Probe (Chrono Boost)  
  15  0:37  Gateway  
  16  0:45  Assimilator, Probe (Chrono Boost)  
  17  0:51  Probe  
  17  0:55  Assimilator  
  18  1:03  Probe (Chrono Boost)  
  19  1:07  Gateway  
  19  1:14  Probe (Chrono Boost)  
  20  1:18  Probe (Chrono Boost)  
  20  1:24  Cybernetics Core  
  21  1:29  Probe  
  22  1:34  Pylon  
  22  1:41  Probe  
  23  1:53  Probe  
  24  1:56  Pylon  
  24  2:01  Stalker, Warp Gate  
  26  2:07  Stalker  
  28  2:14  Pylon  
  28  2:19  Pylon  
  28  2:31  Stargate  
  28  2:43  Stalker  
  30  2:55  Nexus  
  30  3:14  Phoenix (Chrono Boost)  
  30  3:16  Shield Battery  
  30  3:19  Probe  
  32  3:30  Phoenix (Chrono Boost)  
  32  3:31  Probe  
  35  3:43  Probe  
  36  3:49  Phoenix (Chrono Boost)  
  38  3:55  Probe  
  38  3:56  Twilight Council  
  39  4:09  Probe (Chrono Boost)  
  41  4:13  Probe (Chrono Boost)  
  41  4:15  Stalker x2  
  45  4:21  Probe (Chrono Boost)  
  44  4:27  Phoenix (Chrono Boost)  
  44  4:28  Shield Battery  
  35  4:39  Stalker x2  
  36  4:51  Probe  
  35  5:02  Stalker x2  
  36  5:10  Probe  
  36  5:14  Pylon  
  35  5:17  Probe  
  33  5:25  Stalker  
  33  5:27  Sentry  
  33  5:28  Probe  
  35  5:45  Phoenix (Chrono Boost)  
  37  5:51  Probe  
  37  5:55  Stalker  
  38  6:03  Probe  
  37  6:07  Stalker  
  39  6:18  Pylon  
  39  6:26  Pylon  
  39  6:38  Stalker x2  
  43  6:52  Pylon  
  43  7:00  Phoenix  
  45  7:12  Stalker x2  
  49  7:18  Gateway  
  47  7:37  Stalker x2  
  45  8:01  Stalker x2  
  47  8:08  Phoenix  
  47  8:12  Stalker  
  51  8:26  Stalker  
  51  8:27  Stalker  
  55  8:35  Stalker  
  49  8:51  Stalker x2  
Tags
 
Add a new tag
Caveats
  • Supply blocks, unpowered buildings, or Contaminate may cause inaccurate times.
  • Supply counts are checked every 10 seconds.